[Event "Titled Tuesday Blitz July 25 Early 2023"]
[White "Przybylski, Wojciech"]
[Black "Grandelius, Nils"]
[WhiteFideId "1117599"]
[BlackFideId "1710400"]
[WhiteElo "2558"]
[BlackElo "2862"]
[Result "0-1"]
[Round "2"]
[TimeControl "180+2"]
[Date "2023.07.25"]
[WhiteClock "0:00:01"]
[BlackClock "0:00:32"]
[Board "43"]

1. e4 c5 2. Nf3 e6 3. b3 b6 4. Bb2 Bb7 5. Qe2 Nc6 6. d4 cxd4 7. Nxd4 Nf6 8. Nd2 Bb4 9. f3 Rc8 10. Nxc6 Rxc6 11. O-O-O Qc7 12. Nb1 O-O 13. a3 Rc8 14. c4 Bf8 15. Nc3 a6 16. e5 Ne8 17. Kb1 b5 18. Qe1 bxc4 19. Bxc4 d5 20. exd6 Nxd6 21. Rxd6 Rxd6 22. Ne4 Bxe4+ 23. Qxe4 Rd2 24. Bc1 Rxg2 25. f4 Qc6 26. Qxc6 Rxc6 27. Rd1 Rc8 28. Bxa6 Rb8 29. Bc4 Rxh2 30. a4 Bb4 31. f5 Re8 32. fxe6 fxe6 33. Rd7 h5 34. Bb2 Rg2 35. Rb7 Be1 36. Rd7 h4 37. Rd1 Bb4 38. Rh1 g5 39. Bf6 Kf7 40. Be5 Ke7 41. Rf1 Rf8 42. Rd1 Rff2 0-1


[Site "https://www.chess.com"]

[Event "Titled Tuesday Blitz July 25 Early 2023"]
[White "Bernadskiy, Vitaliy"]
[Black "Bagrationi, Alexander"]
[WhiteFideId "14100371"]
[BlackFideId "14104954"]
[WhiteElo "2862"]
[BlackElo "2558"]
[Result "1-0"]
[Round "2"]
[TimeControl "180+2"]
[Date "2023.07.25"]
[WhiteClock "0:00:06"]
[BlackClock "0:00:07"]
[Board "44"]

1. Nf3 d5 2. e3 Nf6 3. c4 e6 4. Nc3 c6 5. b3 Bd6 6. Bb2 O-O 7. Be2 Nbd7 8. Qc2 b6 9. d4 Bb7 10. O-O Rc8 11. Rad1 c5 12. cxd5 Nxd5 13. Nxd5 Bxd5 14. e4 Bb7 15. Qd3 Be7 16. d5 exd5 17. exd5 Bf6 18. Bxf6 Qxf6 19. Qb5 Rfd8 20. Qa4 a5 21. Rfe1 Nf8 22. Bc4 Rd6 23. Re8 Rcd8 24. h3 Bxd5 25. Bxd5 Rxd5 26. Rxd5 Rxd5 27. Qe4 Rd8 28. Re5 g6 29. g3 Kg7 30. Kg2 Rd6 31. a4 Ne6 32. Rd5 Rxd5 33. Qxd5 Qc3 34. Ne5 Kf6 35. Nd7+ Ke7 36. Nxb6 Qd4 37. Qb7+ Kf6 38. Nc4 h5 39. Qf3+ Kg7 40. Nxa5 h4 41. Nc6 Qd2 42. Ne5 Ng5 43. Qf4 Qd5+ 44. Kh2 hxg3+ 45. Kxg3 Qxb3+ 46. Kh2 Qxh3+ 47. Kg1 f6 48. a5 Qa3 49. Nc4 Qa1+ 50. Kg2 Ne6 51. Qd6 Qe1 52. Qe7+ Kh6 53. Ne3 Nf4+ 54. Kf3 Nh5 55. Ng4+ Kg5 56. Qxe1 f5 57. Qc1+ Kh4 58. Qh1+ Kg5 59. Ne3 1-0


[Site "https://www.chess.com"]

[Event "Titled Tuesday Blitz July 25 Early 2023"]
[White "Banzea, Alexandru-Bogdan"]
[Black "Bacrot, Etienne"]
[WhiteFideId "1232622"]
[BlackFideId "605506"]
[WhiteElo "2556"]
[BlackElo "2861"]
[Result "0-1"]
[Round "2"]
[TimeControl "180+2"]
[Date "2023.07.25"]
[WhiteClock "0:00:03"]
[BlackClock "0:00:07"]
[Board "45"]

1. d4 Nf6 2. Nc3 d5 3. Bf4 c6 4. e3 Bg4 5. f3 Bh5 6. g4 Bg6 7. h4 h5 8. g5 Nfd7 9. Bd3 Bxd3 10. Qxd3 e6 11. g6 f6 12. Nge2 Qb6 13. e4 Na6 14. a3 O-O-O 15. b4 e5 16. Bg3 dxe4 17. Nxe4 exd4 18. Qxd4 Rh6 19. O-O-O Rxg6 20. Nf4 Rxg3 21. Nxg3 c5 22. Qd5 Nc7 23. Qf7 cxb4 24. Rxd7 Rxd7 25. Qxf8+ Rd8 26. Qxb4 Qe3+ 27. Kb1 Rd4 28. Qf8+ Rd8 29. Qb4 Qxf3 30. Rg1 Rd1+ 31. Rxd1 Qxd1+ 32. Kb2 Qg4 33. Nfxh5 Qg6 34. Qf8+ Ne8 35. Qxg7 Nxg7 36. Nxg7 Qxg7 0-1


[Site "https://www.chess.com"]

[Event "Titled Tuesday Blitz July 25 Early 2023"]
[White "Kazakouski, Valery"]
[Black "FoxOnTheRun97"]
[WhiteFideId "13507443"]
[WhiteElo "2858"]
[BlackElo "2556"]
[Result "1-0"]
[Round "2"]
[TimeControl "180+2"]
[Date "2023.07.25"]
[WhiteClock "0:01:32"]
[BlackClock "0:00:01"]
[Board "46"]

1. Nf3 Nf6 2. c4 e6 3. g3 d5 4. b3 c5 5. Bg2 Nc6 6. e3 d4 7. exd4 cxd4 8. O-O Be7 9. Re1 O-O 10. Bb2 Re8 11. Na3 Bf8 12. Nc2 e5 13. d3 Bg4 14. h3 Bh5 15. Qd2 a5 16. Ba3 Qc7 17. Bxf8 Kxf8 18. Nh4 Bg6 19. Nxg6+ hxg6 20. a3 Reb8 21. b4 axb4 22. axb4 Nd7 23. Na3 Qd6 24. c5 Qe6 25. Nc4 Rxa1 26. Rxa1 f6 27. b5 Ne7 28. Qb4 Kg8 29. Nd6 Kh7 30. Nxb7 Nd5 31. Qc4 Qe7 1-0


[Site "https://www.chess.com"]

[Event "Titled Tuesday Blitz July 25 Early 2023"]
[White "Hansch, Karsten"]
[Black "KhalilMousavi98"]
[WhiteFideId "24692239"]
[WhiteElo "2556"]
[BlackElo "2851"]
[Result "0-1"]
[Round "2"]
[TimeControl "180+2"]
[Date "2023.07.25"]
[WhiteClock "0:00:13"]
[BlackClock "0:01:17"]
[Board "47"]

1. e4 c5 2. Nf3 d6 3. Nc3 a6 4. d4 cxd4 5. Nxd4 Nf6 6. Bg5 e6 7. f4 Be7 8. Qf3 Qc7 9. O-O-O h6 10. Bxf6 Bxf6 11. h4 Nc6 12. Nde2 b5 13. g4 b4 14. Na4 Bb7 15. g5 Be7 16. g6 f5 17. Qb3 d5 18. exd5 Na5 19. Qe3 Bxd5 20. Nb6 Be4 21. Qxe4 fxe4 22. Nxa8 Qb8 23. Nd4 Qxa8 24. Nxe6 Qc6 25. f5 Bf6 26. Bg2 Ke7 27. Rhe1 Bxb2+ 28. Kxb2 Qc3+ 29. Kc1 Nc4 30. Rd4 Qa1# 0-1


[Site "https://www.chess.com"]

[Event "Titled Tuesday Blitz July 25 Early 2023"]
[White "Oro, Faustino"]
[Black "Kochiev, Ivan"]
[WhiteFideId "20000197"]
[BlackFideId "2917890"]
[WhiteElo "2850"]
[BlackElo "2552"]
[Result "1-0"]
[Round "2"]
[TimeControl "180+2"]
[Date "2023.07.25"]
[WhiteClock "0:00:10"]
[BlackClock "0:00:01"]
[Board "48"]

1. Nf3 Nf6 2. b3 d5 3. Bb2 Bf5 4. e3 e6 5. Be2 c5 6. O-O Nc6 7. d4 cxd4 8. Nxd4 Nxd4 9. Bxd4 Be7 10. Nd2 O-O 11. c4 Rc8 12. Re1 b6 13. cxd5 Qxd5 14. Bf3 Qb5 15. Nc4 Rfd8 16. Qe2 Ne4 17. Red1 h6 18. h3 Bb4 19. Rac1 Ng5 20. Bg4 Bxg4 21. Qxg4 Bc5 22. Ba1 Bf8 23. h4 Nh7 24. Bb2 Rd5 25. e4 Rxd1+ 26. Qxd1 Be7 27. g3 Rd8 28. Qf3 Nf6 29. a4 Qc6 30. Re1 h5 31. Bxf6 Bxf6 32. Qxh5 Rd3 33. Qe2 Rxb3 34. Rd1 Qxa4 35. e5 Be7 36. Nd6 Rb4 37. Qf3 Bxd6 38. exd6 Rd4 39. Rc1 Qd7 40. Rc7 Qe8 41. Re7 Qf8 42. Qc6 Kh7 43. Qc7 Qg8 44. d7 Qf8 45. Re8 Qd6 46. Qxd6 Rxd6 47. d8=Q 1-0


[Site "https://www.chess.com"]

[Event "Titled Tuesday Blitz July 25 Early 2023"]
[White "Yurtseven, Melih"]
[Black "Ilamparthi A R"]
[WhiteFideId "6312160"]
[BlackFideId "45015775"]
[WhiteElo "2551"]
[BlackElo "2850"]
[Result "0-1"]
[Round "2"]
[TimeControl "180+2"]
[Date "2023.07.25"]
[WhiteClock "0:00:35"]
[BlackClock "0:00:46"]
[Board "49"]

1. d4 Nf6 2. Nf3 g6 3. Nc3 Bg7 4. e4 d6 5. Be2 O-O 6. O-O Nbd7 7. h3 e5 8. dxe5 dxe5 9. Be3 Nh5 10. Re1 Nf4 11. Bf1 c6 12. g3 Ne6 13. Qd6 Qf6 14. Bg2 Rd8 15. Rad1 Ndc5 16. Qxd8+ Nxd8 17. Bxc5 Ne6 18. Be3 Qe7 19. Ne2 Bd7 20. c3 Be8 21. Rd2 b6 22. Red1 Rd8 23. Rxd8 Nxd8 24. h4 Ne6 25. Bh3 Nc5 26. Bxc5 Qxc5 27. Rd8 Qe7 28. Ra8 Bf6 29. Nc1 Kg7 30. Nb3 c5 31. Nbd2 Bc6 32. Rc8 Bb7 33. Rb8 Qc7 34. Re8 b5 35. Bf1 Bc6 0-1


[Site "https://www.chess.com"]

[Event "Titled Tuesday Blitz July 25 Early 2023"]
[White "Galiot, Goran"]
[Black "Vitiugov, Nikita"]
[WhiteFideId "931560"]
[BlackFideId "4152956"]
[WhiteElo "2550"]
[BlackElo "2846"]
[Result "0-1"]
[Round "2"]
[TimeControl "180+2"]
[Date "2023.07.25"]
[WhiteClock "0:02:09"]
[BlackClock "0:02:06"]
[Board "50"]

1. d4 d5 2. c4 c6 3. Nf3 Nf6 4. Nc3 dxc4 5. a4 a5 6. e3 Bf5 7. Bxc4 e6 8. O-O Bb4 9. h3 h6 10. Qb3 Nbd7 11. Na2 Bd6 12. Qxb7 Rb8 13. Qxc6 Rb6 0-1


[Site "https://www.chess.com"]

[Event "Titled Tuesday Blitz July 25 Early 2023"]
[White "Donchenko, Alexander"]
[Black "Zavgorodniy, Sergiy"]
[WhiteFideId "24603295"]
[BlackFideId "14110148"]
[WhiteElo "2842"]
[BlackElo "2550"]
[Result "1-0"]
[Round "2"]
[TimeControl "180+2"]
[Date "2023.07.25"]
[WhiteClock "0:00:03"]
[BlackClock "0:00:02"]
[Board "51"]

1. c4 Nf6 2. g3 e5 3. Bg2 d6 4. Nc3 c6 5. e4 Be7 6. Nge2 O-O 7. O-O a6 8. d3 b5 9. h3 bxc4 10. dxc4 c5 11. Bg5 Nc6 12. Bxf6 Bxf6 13. Nd5 Nd4 14. Nxd4 cxd4 15. Qa4 Be6 16. h4 Bxd5 17. cxd5 Qb6 18. Qa3 Rab8 19. b3 Rfc8 20. Rac1 g5 21. Bh3 Rxc1 22. Qxc1 gxh4 23. Qh6 Bg7 24. Qxh4 d3 25. Rd1 Qd4 26. Bf1 d2 27. Bc4 f5 28. exf5 Qxh4 29. gxh4 Bh6 30. Kf1 Kf7 31. Ke2 Rg8 32. Bxa6 Ra8 33. Bd3 Rxa2 34. b4 Rb2 35. b5 Rb4 36. Rb1 Rxb1 37. Bxb1 Ke7 38. Bd3 Kd7 39. f6 Kc7 40. Bxh7 Kb6 41. Bd3 Kc5 42. f7 Kb6 43. h5 Kc5 44. f8=Q Bxf8 45. Kxd2 Bh6+ 46. Ke2 Kxd5 47. Kf3 Kc5 48. Ke4 Bc1 49. Kf5 Bd2 50. Kg6 d5 51. h6 Bxh6 52. Kxh6 e4 53. Bf1 d4 54. Kg6 d3 55. Kf5 d2 56. Be2 d1=Q 57. Bxd1 Kxb5 58. Kxe4 1-0


[Site "https://www.chess.com"]

[Event "Titled Tuesday Blitz July 25 Early 2023"]
[White "Fieberg, Samuel"]
[Black "Salinas Herrera, Pablo"]
[WhiteFideId "12901717"]
[BlackFideId "3407128"]
[WhiteElo "2548"]
[BlackElo "2840"]
[Result "0-1"]
[Round "2"]
[TimeControl "180+2"]
[Date "2023.07.25"]
[WhiteClock "0:00:56"]
[BlackClock "0:01:43"]
[Board "52"]

1. Nf3 d6 2. d4 g6 3. e4 Bg7 4. c3 Nf6 5. Bd3 O-O 6. O-O Nc6 7. h3 e5 8. dxe5 dxe5 9. Qe2 Nh5 10. Rd1 Qe7 11. Qf1 Nf4 12. Bb5 Bd7 13. b3 Rfd8 14. Ba3 Qe8 15. Nbd2 a6 16. Bc4 b5 17. Bd5 Nxd5 18. exd5 Ne7 19. Ne4 Bf5 20. d6 cxd6 21. Nxd6 Qc6 22. Nxb5 Nd5 23. c4 axb5 24. cxd5 Rxd5 25. Rxd5 Qxd5 26. Rd1 Qb7 27. Bb2 e4 28. Bxg7 exf3 29. Bf6 fxg2 30. Qd3 Bxd3 0-1


[Site "https://www.chess.com"]

[Event "Titled Tuesday Blitz July 25 Early 2023"]
[White "Kaasen, Tor Fredrik"]
[Black "Yaran, Siar"]
[WhiteFideId "1516647"]
[BlackFideId "6323006"]
[WhiteElo "2837"]
[BlackElo "2548"]
[Result "0-1"]
[Round "2"]
[TimeControl "180+2"]
[Date "2023.07.25"]
[WhiteClock "0:00:03"]
[BlackClock "0:00:10"]
[Board "53"]

1. Nf3 Nf6 2. e3 e6 3. b3 d5 4. Bb2 Be7 5. c4 O-O 6. Nc3 c5 7. cxd5 Nxd5 8. Nxd5 Qxd5 9. Qc2 Nc6 10. a3 e5 11. Bc4 Qd6 12. h4 h6 13. Qe4 Rd8 14. Bxe5 Nxe5 15. Nxe5 Be6 16. Rd1 Bf6 17. Ng4 Bxg4 18. Qxg4 a6 19. a4 b5 20. axb5 axb5 21. Bxb5 Bc3 22. O-O Bxd2 23. Bc4 Qf6 24. h5 Rd6 25. Qe4 Rad8 26. Ra1 R6d7 27. Ra6 Qg5 28. Qf3 Bc3 29. Rg6 Qe7 30. Qg4 Kf8 31. Rc6 Bf6 32. Qf5 Qe5 33. Qh7 Qxh5 34. Rb6 Ke7 35. Qe4+ Kf8 36. Rc6 Kg8 37. g3 Rd2 38. Ra6 Qe5 39. Qxe5 Bxe5 40. Rc6 Bd6 41. Kg2 g6 42. Ra1 Rd7 43. Raa6 Kg7 44. Ra8 h5 45. Rcc8 Be5 46. Rg8+ Kf6 47. Ra6+ R7d6 48. Rxd6+ Bxd6 49. Rc8 Be7 50. Kf3 g5 51. Rc6+ Kg7 52. Rc7 Kf6 53. Kg2 g4 54. Rc6+ Kg7 55. Rc8 h4 56. gxh4 Bxh4 57. Rxc5 Bxf2 58. Rf5 Bxe3+ 59. Kg3 f6 60. Kxg4 Bg5 61. Rf3 Rd4+ 62. Kg3 Kg6 63. Kg2 f5 64. Rg3 Kf6 65. Rf3 Rd2+ 66. Kh3 Ke5 67. Rd3 Rb2 68. Rd5+ Kf6 69. Rd6+ Ke5 70. Rd5+ Ke4 71. Rd3 Bf4 0-1


[Site "https://www.chess.com"]

[Event "Titled Tuesday Blitz July 25 Early 2023"]
[White "Souleidis, Georgios"]
[Black "Bachmann, Axel"]
[WhiteFideId "4206827"]
[BlackFideId "3700488"]
[WhiteElo "2545"]
[BlackElo "2827"]
[Result "0-1"]
[Round "2"]
[TimeControl "180+2"]
[Date "2023.07.25"]
[WhiteClock "0:00:02"]
[BlackClock "0:00:23"]
[Board "54"]

1. e4 c5 2. Nf3 e6 3. d4 cxd4 4. Nxd4 Nc6 5. Nc3 Qc7 6. f4 a6 7. Nxc6 Qxc6 8. Bd3 b5 9. a3 Bb7 10. Qe2 b4 11. axb4 Bxb4 12. Bd2 Nf6 13. O-O Bxc3 14. Bxc3 Nxe4 15. Bd4 O-O 16. f5 f6 17. fxe6 dxe6 18. Rae1 Qd6 19. c3 f5 20. Bxe4 Bxe4 21. Qe3 Rac8 22. b4 Rf7 23. Ra1 e5 24. Bc5 Qc6 25. Rf2 Rd8 26. Rd2 Rxd2 27. Qxd2 Rd7 28. Qf2 Rd3 29. Re1 h6 30. h3 Rxc3 31. Qh4 Rc2 32. Bf2 Qg6 0-1


[Site "https://www.chess.com"]

[Event "Titled Tuesday Blitz July 25 Early 2023"]
[White "Kezin, Roman"]
[Black "Goffredo_Fofi"]
[WhiteFideId "24124621"]
[WhiteElo "2826"]
[BlackElo "2544"]
[Result "1-0"]
[Round "2"]
[TimeControl "180+2"]
[Date "2023.07.25"]
[WhiteClock "0:00:03"]
[BlackClock "0:00:05"]
[Board "55"]

1. a4 d5 2. c3 Bf5 3. d3 c5 4. Bd2 Nc6 5. g3 Nf6 6. Bg2 e5 7. Na3 Be7 8. Qc2 O-O 9. e4 Bg6 10. Bg5 c4 11. Bxf6 Bxf6 12. O-O-O cxd3 13. Qxd3 Qa5 14. Qb5 dxe4 15. Nc4 Qc7 16. Ne3 Nd4 17. Qd5 Rac8 18. Kb1 Nc6 19. h4 Rfd8 20. Qb3 Rxd1+ 21. Qxd1 Rd8 22. Qc2 h6 23. Bxe4 Bxe4 24. Qxe4 Rd2 25. Nf3 Rxf2 26. Ng4 Rg2 27. Ng5 Rxg3 28. Qh7+ Kf8 29. Nxf6 Ke7 30. Nd5+ 1-0


[Site "https://www.chess.com"]

[Event "Titled Tuesday Blitz July 25 Early 2023"]
[White "Terletsky, Oleg"]
[Black "Mitrabha, Guha"]
[WhiteFideId "14116774"]
[BlackFideId "5057000"]
[WhiteElo "2541"]
[BlackElo "2825"]
[Result "0-1"]
[Round "2"]
[TimeControl "180+2"]
[Date "2023.07.25"]
[WhiteClock "0:00:01"]
[BlackClock "0:00:19"]
[Board "56"]

1. e4 c6 2. d4 d5 3. Nc3 dxe4 4. Nxe4 Nf6 5. Nxf6+ exf6 6. Bc4 Bd6 7. Qe2+ Qe7 8. Qxe7+ Kxe7 9. Ne2 Rd8 10. c3 Nd7 11. Bf4 Nb6 12. Bxd6+ Rxd6 13. Bb3 Bf5 14. O-O-O Kf8 15. Rhe1 Rad8 16. Ng3 Bg6 17. f4 h6 18. f5 Bh7 19. Ne4 R6d7 20. g4 Nc8 21. h3 b6 22. Ba4 Ne7 23. Rd2 Rc7 24. Bb3 a5 25. a4 Rcd7 26. Rde2 Ng8 27. Nd2 h5 28. Nc4 Rb7 29. Ne3 Nh6 30. d5 hxg4 31. dxc6 Rc7 32. hxg4 Rxc6 33. Bc4 Rcd6 34. Bb5 Rb8 35. Nc4 Rdd8 36. Nxb6 Nxg4 37. Nd7+ Rxd7 38. Bxd7 Ne5 39. Rxe5 fxe5 40. Rxe5 Rd8 41. Bc6 Rc8 42. Bd7 Rd8 43. Bb5 f6 44. Rc5 Ke7 45. Kc2 Kd6 46. b4 Ra8 47. Kb3 Ra7 48. Bd3 Bg8+ 49. Kb2 Bd5 50. Rxa5 Rc7 51. Ra6+ Ke5 52. Rb6 Rc8 53. a5 Rh8 54. a6 Rh2+ 55. Kc1 Ra2 56. Bc2 Bc4 57. Kb1 Ra3 0-1


[Site "https://www.chess.com"]

[Event "Titled Tuesday Blitz July 25 Early 2023"]
[White "Chor, Kevin"]
[Black "Kravtsiv, Martyn"]
[WhiteFideId "2090740"]
[BlackFideId "14113147"]
[WhiteElo "2540"]
[BlackElo "2820"]
[Result "0-1"]
[Round "2"]
[TimeControl "180+2"]
[Date "2023.07.25"]
[WhiteClock "0:00:03"]
[BlackClock "0:00:09"]
[Board "57"]

1. e4 b6 2. d4 Bb7 3. Bd3 e6 4. Nd2 g6 5. Ngf3 Bg7 6. O-O Ne7 7. c3 d6 8. Re1 Nd7 9. Nf1 c5 10. Bf4 e5 11. dxe5 dxe5 12. Bg5 h6 13. Bh4 g5 14. Bg3 O-O 15. Bb5 Bc6 16. Bxc6 Nxc6 17. Ne3 Re8 18. Nf5 Nf8 19. Qa4 Qc7 20. Rad1 Rad8 21. Rd5 Ng6 22. Red1 Bf8 23. Rxd8 Rxd8 24. Rxd8 Qxd8 25. h4 gxh4 26. N3xh4 Qd7 27. Nxg6 fxg6 28. Ne3 Qe6 29. Nd5 Kf7 30. Qd1 Bd6 31. Qd2 Kg7 32. Qe2 Ne7 33. Ne3 Bb8 34. Qa6 Qd7 35. Qc4 Bd6 36. Nd5 Qe6 37. Qa6 Nxd5 38. exd5 Qxd5 39. Qxa7+ Kf6 40. Qxb6 g5 41. f3 Ke6 42. Qd8 Qd2 43. Qe8+ Kd5 44. Qg8+ Kc6 45. Qa8+ Kc7 46. Qa7+ Kd8 47. Qb6+ Kd7 48. Qb5+ Ke7 49. Kh2 h5 50. Qb7+ Ke6 51. Qh7 h4 52. Qg6+ Kd7 53. Qf7+ Kc6 54. Qe8+ Kc7 55. Qf7+ Kb6 56. Qb3+ Kc6 57. Qa4+ Kc7 58. Qa7+ Kd8 59. Qb6+ Kd7 60. Qb7+ Ke6 61. Qc8+ Ke7 62. Qb7+ Kf6 63. Bxh4 gxh4 64. Qh7 Qf4+ 65. Kg1 Qc1+ 66. Kh2 e4+ 67. Kh3 Qg5 68. Qh8+ Kf7 69. Qh7+ Kf6 70. Qh8+ Ke7 71. Qxh4 Qxh4+ 72. Kxh4 e3 73. Kh3 e2 0-1


[Site "https://www.chess.com"]

[Event "Titled Tuesday Blitz July 25 Early 2023"]
[White "Cordova, Emilio"]
[Black "Santos Flores, Alberto"]
[WhiteFideId "3801497"]
[BlackFideId "3601234"]
[WhiteElo "2818"]
[BlackElo "2540"]
[Result "1-0"]
[Round "2"]
[TimeControl "180+2"]
[Date "2023.07.25"]
[WhiteClock "0:00:36"]
[BlackClock "0:00:02"]
[Board "58"]

1. c4 c6 2. Nc3 d5 3. e3 Nf6 4. d4 a6 5. Nf3 Bf5 6. b3 h6 7. Bb2 e6 8. g3 Nbd7 9. Bg2 Bd6 10. O-O O-O 11. Qe2 Qe7 12. a3 b5 13. c5 Bc7 14. b4 Ne4 15. a4 Nxc3 16. Bxc3 Be4 17. axb5 axb5 18. Bh3 Bf5 19. Bg2 Be4 20. Qb2 Qf6 21. Ne5 Nxe5 22. dxe5 Qf5 23. f3 Bd3 24. Rfe1 Ra4 25. Qd2 Bc4 26. e4 dxe4 27. fxe4 Qh5 28. Qd7 Rxa1 29. Bxa1 Bxe5 30. Qxc6 Bxa1 31. Rxa1 Rd8 32. h4 Rd1+ 33. Rxd1 Qxd1+ 34. Kh2 Bf1 35. e5 Qd2 36. Qa8+ Kh7 37. Qe4+ g6 38. Qf3 Bxg2 39. Qxg2 Qxb4 40. Qc2 Qa5 41. c6 Qc7 42. Qc5 b4 43. Qd6 Qc8 44. Qd7 Qa6 45. Qxf7+ Kh8 46. Qf8+ Kh7 47. Qe7+ Kh8 48. Qf6+ Kh7 49. Qe7+ Kh8 50. Qd8+ Kh7 51. Qd7+ Kh8 52. Qe8+ Kh7 53. Qf7+ Kh8 54. c7 Qe2+ 55. Kh3 1-0


[Site "https://www.chess.com"]

[Event "Titled Tuesday Blitz July 25 Early 2023"]
[White "Suder, Jakub"]
[Black "Gharibyan, Mamikon"]
[WhiteFideId "1195310"]
[BlackFideId "13308300"]
[WhiteElo "2533"]
[BlackElo "2817"]
[Result "0-1"]
[Round "2"]
[TimeControl "180+2"]
[Date "2023.07.25"]
[WhiteClock "0:01:10"]
[BlackClock "0:01:19"]
[Board "59"]

1. d4 Nf6 2. c4 e6 3. Nc3 d5 4. cxd5 exd5 5. Bg5 Bb4 6. e3 h6 7. Bxf6 Qxf6 8. a3 Bxc3+ 9. bxc3 O-O 10. Ne2 c5 11. Ng3 Nc6 12. Bd3 g6 13. O-O h5 14. f3 Re8 15. Qd2 h4 16. Nh1 Qg5 17. Rae1 cxd4 18. cxd4 h3 19. Ng3 hxg2 20. Kxg2 Qh4 21. Kg1 Bh3 22. Rf2 Re7 23. Bb5 Rae8 24. Bxc6 bxc6 25. e4 f5 26. e5 f4 27. Ne2 g5 28. Nc1 Rg7 29. Kh1 g4 30. fxg4 Rxg4 31. Ne2 Qxf2 0-1


[Site "https://www.chess.com"]

[Event "Titled Tuesday Blitz July 25 Early 2023"]
[White "Kushko, Dmitriy"]
[Black "Richter, Paul"]
[WhiteFideId "14162261"]
[BlackFideId "2046350"]
[WhiteElo "2817"]
[BlackElo "2531"]
[Result "0-1"]
[Round "2"]
[TimeControl "180+2"]
[Date "2023.07.25"]
[WhiteClock "0:00:04"]
[BlackClock "0:00:09"]
[Board "60"]

1. e4 c5 2. Nf3 d6 3. Bb5+ Nc6 4. O-O Bd7 5. Re1 Nf6 6. c3 a6 7. Bf1 Bg4 8. d4 Bxf3 9. gxf3 cxd4 10. cxd4 e5 11. d5 Ne7 12. f4 Ng6 13. f5 Nf4 14. Bxf4 exf4 15. Qf3 g5 16. e5 dxe5 17. Rxe5+ Be7 18. Qe2 Kf8 19. Nc3 Bd6 20. Re1 Qc7 21. Re4 Kg7 22. Rc4 Qd7 23. Ne4 Rhe8 24. Qd2 Nxe4 25. Rcxe4 Rxe4 26. Rxe4 Qxf5 27. f3 Rc8 28. h3 Qf6 29. Bc4 b5 30. Bb3 Qf5 31. Kg2 h5 32. Qd4+ Qf6 33. Qxf6+ Kxf6 34. Re2 Rc1 35. Rc2 Rb1 36. Kf2 a5 37. a4 bxa4 38. Bxa4 Ra1 39. b3 Ke5 40. Bc6 Rb1 41. Re2+ Kf6 42. Ba4 Bc5+ 43. Kg2 Rg1+ 44. Kh2 Rg3 45. Rc2 Bd6 46. Rc6 Ke5 47. Rc8 Rxf3 48. Bc6 g4 49. hxg4 hxg4 50. Re8+ Kf6 51. Kg2 Rxb3 52. Rd8 f3+ 53. Kf2 g3+ 54. Ke1 Bb4+ 55. Kd1 g2 56. Rg8 Rb1+ 57. Kc2 g1=Q 0-1


[Site "https://www.chess.com"]

[Event "Titled Tuesday Blitz July 25 Early 2023"]
[White "Plotkin, Mark"]
[Black "Eynullayev, Atilla"]
[WhiteFideId "2611651"]
[BlackFideId "13413570"]
[WhiteElo "2813"]
[BlackElo "2530"]
[Result "1-0"]
[Round "2"]
[TimeControl "180+2"]
[Date "2023.07.25"]
[WhiteClock "0:00:42"]
[BlackClock "0:00:49"]
[Board "61"]

1. c4 e5 2. Nc3 Nf6 3. Nf3 Nc6 4. e4 Bb4 5. d3 O-O 6. g3 d6 7. Bg2 a6 8. O-O Rb8 9. Ne2 b5 10. a3 Bc5 11. b4 Bb6 12. cxb5 axb5 13. d4 exd4 14. Nfxd4 Nxd4 15. Nxd4 c5 16. Nc6 Qc7 17. Nxb8 Qxb8 18. Bf4 Bc7 19. Rc1 c4 20. Qd4 Nd7 21. a4 Ba6 22. axb5 Bxb5 23. Rfd1 Ne5 24. Bxe5 dxe5 25. Qc5 Bb6 26. Qd6 Bd4 27. Qxb8 Rxb8 28. Bf1 c3 29. Bxb5 Rxb5 30. Rxc3 h5 31. Rb3 Kf8 32. Kf1 Ke7 33. Rc1 Kd7 34. Ke2 g5 35. f3 f6 36. h3 Bb6 37. Kd3 Bf2 38. g4 h4 39. Kc4 Rb8 40. Rd1+ Bd4 41. Rxd4+ exd4 42. Kxd4 Rb5 43. Kc4 Kc6 44. Ra3 Re5 45. Ra6+ Kb7 46. Rxf6 1-0


[Site "https://www.chess.com"]

[Event "Titled Tuesday Blitz July 25 Early 2023"]
[White "Sidletskyi, Ivan"]
[Black "Ashraf, Artin"]
[WhiteFideId "14156024"]
[BlackFideId "22514805"]
[WhiteElo "2530"]
[BlackElo "2799"]
[Result "0-1"]
[Round "2"]
[TimeControl "180+2"]
[Date "2023.07.25"]
[WhiteClock "0:00:03"]
[BlackClock "0:00:04"]
[Board "62"]

1. e4 c5 2. Nf3 d6 3. d4 cxd4 4. Nxd4 Nf6 5. Nc3 a6 6. Bg5 e6 7. f4 h6 8. Bh4 Qb6 9. Qd2 Qxb2 10. Rb1 Qa3 11. f5 Nc6 12. fxe6 fxe6 13. Bc4 Qc5 14. Nxe6 Qxc4 15. Nc7+ Kf7 16. Nxa8 g5 17. Nb6 Qe6 18. Nxc8 Qxc8 19. Bg3 Be7 20. O-O Re8 21. Nd5 Kg6 22. Nxe7+ Rxe7 23. Qxd6 Re6 24. Qd3 Nxe4 25. Rfe1 Qe8 26. Rxb7 h5 27. Rb6 h4 28. Bf2 Kh6 29. Be3 Nf6 30. Qd2 Kh5 31. Qe2+ Kg6 32. Qd3+ Kh5 33. Rb3 Ng4 34. Qd2 Kg6 35. h3 Nf6 36. Bf2 Ne4 37. Qd3 Kh6 38. Be3 Ng3 39. Qd2 Kg6 40. Rbb1 Ne5 41. Bxg5 Nc4 42. Qd3+ Kxg5 43. Rxe6 Qxe6 44. Qc3 Ne2+ 45. Kf2 Nxc3 46. Rb5+ axb5 0-1


[Site "https://www.chess.com"]

[Event "Titled Tuesday Blitz July 25 Early 2023"]
[White "Hambleton, Aman"]
[Black "Guliev, Logman"]
[WhiteFideId "2606577"]
[BlackFideId "13400061"]
[WhiteElo "2798"]
[BlackElo "2529"]
[Result "1-0"]
[Round "2"]
[TimeControl "180+2"]
[Date "2023.07.25"]
[WhiteClock "0:00:07"]
[BlackClock "0:00:05"]
[Board "63"]

1. d4 Nf6 2. Bf4 e6 3. e3 b6 4. Nf3 Bb7 5. h3 c5 6. c3 Nc6 7. Nbd2 d5 8. Bd3 Bd6 9. O-O Bxf4 10. exf4 cxd4 11. cxd4 O-O 12. a3 g6 13. Qe2 Rc8 14. Rac1 Nh5 15. g3 Qf6 16. Qe3 Rc7 17. Rc3 Rfc8 18. Rfc1 Qe7 19. Be2 Na5 20. b4 Rxc3 21. Rxc3 Nc4 22. Nxc4 Qc7 23. Nxb6 Qxc3 24. Nxc8 Qa1+ 25. Kg2 Bxc8 26. Qb3 Qc1 27. b5 Nf6 28. a4 Ne4 29. a5 Nc3 30. Bf1 Ne4 31. b6 axb6 32. a6 Qc7 33. Bd3 Nd6 34. Qb4 Nc4 35. Ne5 Bxa6 36. Bb1 Nxe5 37. fxe5 Qc1 38. Qxb6 Qf1+ 39. Kf3 Be2+ 40. Ke3 Kg7 41. Qd8 Qxb1 42. Qf6+ Kh6 43. Qf4+ g5 44. Qf6+ Qg6 45. Qxg6+ Kxg6 46. Kxe2 Kf5 47. Kf3 h5 48. g4+ hxg4+ 49. hxg4+ Kg6 50. Ke3 f5 51. exf6 Kxf6 52. f4 Kg6 53. Kf3 Kf6 54. fxg5+ Kxg5 55. Kg3 Kg6 56. Kf4 Kf6 57. g5+ Kg6 58. Ke5 Kf7 59. g6+ Kxg6 60. Kxe6 Kg7 61. Kxd5 Kf8 62. Kd6 1-0


[Site "https://www.chess.com"]

[Event "Titled Tuesday Blitz July 25 Early 2023"]
[White "Garakov, Mikhael"]
[Black "Fiorito, Joaquin"]
[WhiteFideId "4169034"]
[BlackFideId "180173"]
[WhiteElo "2525"]
[BlackElo "2795"]
[Result "1-0"]
[Round "2"]
[TimeControl "180+2"]
[Date "2023.07.25"]
[WhiteClock "0:00:12"]
[BlackClock "0:00:18"]
[Board "64"]

1. e4 c5 2. Nf3 d6 3. d4 cxd4 4. Nxd4 Nf6 5. Nc3 a6 6. f4 e6 7. Qf3 Be7 8. g4 Qc7 9. g5 Nfd7 10. Be3 b5 11. a3 Nc6 12. h4 Bb7 13. O-O-O b4 14. axb4 Nxb4 15. f5 Ne5 16. Qg2 Nc4 17. Bxc4 Qxc4 18. g6 hxg6 19. fxe6 fxe6 20. Kb1 Bf6 21. Qxg6+ Ke7 22. Rhf1 Raf8 23. e5 dxe5 24. Nb3 Nd5 25. Bc5+ Kd7 26. Ne4 Rc8 27. Nxf6+ gxf6 28. Qf7+ Kc6 29. Na5+ Kxc5 30. Nxc4 Kxc4 31. Qxb7 Rc7 32. Qxa6+ Kc5 33. Qa5+ Kd6 34. Rxd5+ exd5 35. Rxf6+ Ke7 36. Qb6 1-0


[Site "https://www.chess.com"]